 Dungeon Crawl Stone Soup version 0.31-a0-1096-g246cf0196b (webtiles) character file.

Game seed: 3009041951695016459

1890 senseless the Chiller (level 8, -9/67 HPs)
             Began as a Pale Draconian Ice Elementalist on Nov 29, 2023.
             Was an Initiate of Vehumet.
             Mangled by a manticore (17 damage)
             ... on level 6 of the Dungeon.
             The game lasted 00:24:37 (5648 turns).

senseless the Chiller (DrIE)                        Turns: 5648, Time: 00:24:37

Health: -9/67      AC:  6    Str: 12    XL:     8   Next: 92%
Magic:  17/17      EV: 13    Int: 17    God:    Vehumet [......]
Gold:   263        SH:  0    Dex: 11    Spells: 9/19 levels left

rFire   . . .        B - +3 short sword (drain)
rCold   + . .        (no shield)
rNeg    . . .        (body armour unavailable)
rPois   .            (helmet restricted)
rElec   .            (no cloak)
rCorr   .            (no gloves)
SInv    .            (no boots)
Will    .....        (no amulet)
Stlth   +            k - ring of protection from fire
HPRegen 0.31/turn    w - ring of ice
MPRegen 0.15/turn

%: no passive effects
@: silenced, weak-willed
A: breathe steam, AC +6, unfitting armour, cold-blooded, steam resistance
a: Breathe Steam, Renounce Religion


You were on level 6 of the Dungeon.
You worshipped Vehumet.
Vehumet was noncommittal.
You visited 2 branches of the dungeon, and saw 7 of its levels.

You collected 263 gold pieces.

Inventory:

Hand Weapons
 g - a +0 short sword
 B - a +3 short sword of draining (weapon)
Missiles
 o - 2 curare-tipped darts
 r - 4 poisoned darts
Jewellery
 k - a ring of protection from fire (left hand)
 w - a ring of ice (right hand)
Wands
 C - a wand of polymorph (9)
Scrolls
 b - a scroll of poison
 c - a scroll of teleportation
 l - a scroll of vulnerability
 q - a scroll of immolation
 u - a scroll of fog {unknown}
 y - 2 scrolls of revelation {unknown}
 A - a scroll of enchant armour {unknown}
Potions
 a - a potion of magic
 d - 2 potions of invisibility
 e - 2 potions of ambrosia
 f - 2 potions of heal wounds
 i - a potion of attraction {unknown}
 j - a potion of curing {unknown}
 m - 2 potions of cancellation
 n - 2 potions of berserk rage
 t - a potion of brilliance {unknown}
 v - a potion of lignification {unknown}
 x - a potion of haste {unknown}
 z - a potion of resistance {unknown}
 D - a potion of might {unknown}


   Skills:
 + Level 4.8 Fighting
 + Level 4.5 Dodging
 - Level 1.7 Stealth
 * Level 6.4 Spellcasting
 * Level 7.9 Ice Magic


You had 9 spell levels left.
You knew the following spells:

 Your Spells              Type           Power      Damage    Failure   Level
a - Freeze                Ice            100%       1d10      1%          1
b - Frozen Ramparts       Ice            96%        1d15      1%          3
c - Ozocubu's Armour      Ice            48%        N/A       1%          3
d - Hailstorm             Conj/Ice       28%        3d8       7%          3

Your spell library contained the following spells:

 Spells                   Type           Power      Damage    Failure   Level
 Summon Ice Beast         Ice/Summ       28%        N/A       24%         4


Dungeon Overview and Level Annotations

Branches:
Dungeon (6/15)             Temple (1/1) D:4

Altars:
Dithmenos
Fedhas
Hepliaklqana
Kikubaaqudgha
Nemelex Xobeh
Okawaru
Qazlal
Ru
Sif Muna
Trog
Uskayaw
Vehumet
Wu Jian
Yredelemnul


Innate Abilities, Weirdness & Mutations

You can breathe blasts of scalding, opaque steam.
Your pale cyan-grey scales are hard. (AC +6)
You cannot fit into any form of body armour.
You are cold-blooded and may be slowed by cold attacks.
You are immune to the effects of steam.


Message History

As you read the scroll labelled MOEJ MET PYMM, it crumbles to dust.
A profound silence engulfs you.
It was a scroll of silence.
You start waiting.
A manticore comes into view.
The manticore flicks its tail.
The volley of spikes misses you.
You hit the manticore.
You tail-slap the manticore, but do no damage.
The manticore is lightly wounded.
The manticore bites you! The manticore claws you. x2
You hit the manticore.
Your tail-slap misses the manticore.
The manticore is lightly wounded.
The manticore bites you.
The manticore claws you but does no damage.
The manticore closely misses you.
You hit the manticore.
The manticore is lightly wounded.
The manticore bites you. The manticore claws you!
The manticore claws you but does no damage.
You barely miss the manticore.
You tail-slap the manticore, but do no damage.
The manticore is lightly wounded.
The manticore bites you. The manticore misses you. The manticore claws you.
You are too injured to fight recklessly!
You are too injured to fight recklessly!
You closely miss the manticore. You tail-slap the manticore.
The manticore is moderately wounded.
The manticore bites you. The manticore claws you.
The manticore barely misses you.
You hit the manticore but do no damage.
The manticore is moderately wounded.
The manticore bites you!
* * * LOW HITPOINT WARNING * * *
The manticore closely misses you. The manticore claws you.
* * * LOW HITPOINT WARNING * * *
Aiming: Breathe Steam (1% risk of failure)
Press: ? - help, Shift-Dir - straight line, f - manticore
Aim: a manticore (silenced, moderately wounded, unaffected by silence, 83% to hit)
You fail to use your ability.
The manticore bites you!
You die...

# #######
#.#.....####
.###.#........#
..............#
..............#
.......@H.....#
.......####...#
....... ..+
....... #
....... .......
##.. .......
#... .......
#... ####...


You could see a manticore (unsilenced).

Vanquished Creatures
  Pikel (D:5)
  Grinder (D:5)
  Menkaure (D:5)
  A black bear (D:5)
  An ogre (D:6)
  3 lemures (D:5)
  2 phantoms
  A bullfrog (D:5)
  Blork the orc (D:5)
  2 scorpions
  A howler monkey (D:5)
  3 hounds (D:5)
  2 orc priests (D:5)
  3 iguanas
  Jessica (D:2)
  5 orc wizards (D:5)
  Robin (D:3)
  4 adders
  2 worms
  14 orcs
  8 bats
  10 endoplasms
  5 giant cockroaches
  14 goblins
  9 hobgoblins
  2 jackals (D:1)
  5 kobolds
  5 quokkas
  8 ball pythons
  5 rats
121 creatures vanquished.

Notes
Turn   | Place    | Note
-------+----------+-------------------------------------------
     0 | D:1      | senseless the Draconian Ice Elementalist began the quest
                  | for the Orb.
     0 | D:1      | Reached XP level 1. HP: 14/14 MP: 3/3
   259 | D:1      | Reached XP level 2. HP: 22/22 MP: 3/5
   868 | D:1      | Reached XP level 3. HP: 27/27 MP: 1/6
   921 | D:1      | Reached skill level 1 in Fighting
  1438 | D:2      | Noticed Jessica
  1447 | D:2      | Learned a level 3 spell: Frozen Ramparts
  1594 | D:2      | Killed Jessica
  1595 | D:2      | Reached XP level 4. HP: 27/35 MP: 5/8
  2236 | D:3      | Noticed Robin
  2255 | D:3      | Killed Robin
  2456 | D:3      | Found a faded altar of an unknown god.
  2553 | D:3      | Found a bloodstained altar of Trog.
  2612 | D:3      | Found a shadowy altar of Dithmenos.
  2631 | D:3      | Reached skill level 5 in Ice Magic
  2631 | D:3      | Reached XP level 5. HP: 30/40 MP: 3/9
  2975 | D:4      | Noticed a phantom
  3076 | D:3      | Killed a phantom
  3264 | D:4      | Found a staircase to the Ecumenical Temple.
  3273 | Temple   | Entered the Ecumenical Temple
  3378 | D:4      | Learned a level 3 spell: Ozocubu's Armour
  3382 | D:4      | Learned a level 3 spell: Hailstorm
  3588 | D:4      | Reached XP level 6. HP: 48/48 MP: 9/11
  4043 | D:5      | Entered Level 5 of the Dungeon
  4163 | D:5      | Your scales start taking on a pale cyan-grey colour.
  4163 | D:5      | Reached XP level 7. HP: 21/56 MP: 4/13
  4163 | D:5      | Gained mutation: You are immune to the effects of steam.
                  | [Pale Draconian growth]
  4164 | D:5      | Reached skill level 6 in Ice Magic
  4421 | D:5      | Noticed Menkaure
  4429 | D:5      | Killed Menkaure
  4544 | D:5      | Noticed Blork the orc
  4555 | D:5      | Killed Blork the orc
  4556 | D:5      | Reached skill level 5 in Spellcasting
  4557 | D:5      | Noticed Grinder
  4776 | D:5      | Reached XP level 8. HP: 61/66 MP: 11/15
  4860 | D:5      | Found a radiant altar of Vehumet.
  4860 | D:5      | Found an ornate altar of the Wu Jian Council.
  4868 | D:5      | Found a stormy altar of Qazlal.
  4870 | D:5      | Found a faded altar of an unknown god.
  4871 | D:5      | Found a hazy altar of Hepliaklqana.
  4882 | D:5      | Became a worshipper of Vehumet
  4937 | D:5      | Noticed Pikel
  4950 | D:5      | Killed Pikel
  4951 | D:5      | Reached skill level 7 in Ice Magic
  5327 | D:5      | Killed Grinder
  5637 | D:6      | Noticed a manticore
  5648 | D:6      | Mangled by a manticore

Illustrated notes

Levels and vault maps discovered:
D:1:      dpeg_arrival_lava_temple_mockup, layout_basic, skrybe_limestone_x,
          minmay_indecisive_spiral
D:2:      layout_basic, serial_bayou, serial_bayou_shore_a, serial_bayou_pond_a,
          serial_bayou_lagoon_a, serial_bayou_pond_d,
          nicolae_concentric_dashed_squares_wild, st_stairs_13,
          dreamdust_princess_corridor, uniq_jessica
D:3:      layout_rooms, mainiacjoe_overflow_alcove_1,
          mainiacjoe_overflow_brackets, shapermc_ecumenical_altar_totnotflames,
          uniq_robin
D:4:      minmay_wonky_spiral, layout_gridville, minmay_temple_entry_mini_moons,
          corner_web_ring
D:5:      layout_cave_pools, chequers_temple_overflow_minitemple,
          kennysheep_generic_room_9, uniq_pikel, uniq_grinder, uniq_menkaure,
          uniq_blork_the_orc
D:6:      layout_basic, mainiacjoe_overflow_alcove_4
Temple:   nicolae_temple_superstar

Skill      XL: |  1  2  3  4  5  6  7  8 |
---------------+-------------------------+-----
Dodging        | 2 3 4 |  4.5
Fighting       | 1 2 3 4 |  4.8
Spellcasting   | 3 4 5 6 |  6.4
Ice Magic      | 5 6 7 |  7.9
Stealth        | |  1.7

Action                     |  1- 3 |  4- 6 |  7- 9 || total
---------------------------+-------+-------+-------++-------
  Melee: Unarmed           |     3 |       |     4 ||     7
         Tailslap          |     5 |    12 |     5 ||    22
         Club              |     2 |       |       ||     2
         Short sword       |    18 |    75 |    33 ||   126
         Punch             |       |       |     1 ||     1
   Cast: Freeze            |    65 |    72 |    50 ||   187
         Frozen Ramparts   |     1 |     5 |     7 ||    13
Ability: Breathe Steam     |       |       |     4 ||     4
    Use: Scroll            |       |       |    11 ||    11
   Stab: Sleeping          |     3 |       |       ||     3
 Armour: Skin              |    30 |    89 |    62 ||   181
  Dodge: Dodged            |    40 |    77 |    49 ||   166

Table legend: (Time is in decaauts)
 A = Elapsed time spent in this place.
 B = Non-inter-level travel time spent in this place.
 C = Inter-level travel time spent in this place.
 D = Time resting spent in this place.
 E = Time spent auto-exploring this place.
 F = Levels seen in this place.
 G = Mean time per level.
                   A        B        C        D        E       F      G
               +--------+--------+--------+--------+--------+-----+--------+
         Total |   5673 |   5439 |    234 |    234 |   4203 |   7 |  810.4 |
       Dungeon |   5671 |   5437 |    234 |    234 |   4203 |   6 |  945.2 |
        Temple |      1 |      1 |      0 |      0 |      0 |   1 |    1.0 |
               +--------+--------+--------+--------+--------+-----+--------+

Top non-repeatable levels by time:
     D:5: 1265 daAuts
     D:4: 1135 daAuts
     D:3: 1115 daAuts
     D:1: 1104 daAuts
     D:2: 959 daAuts
     D:6: 91 daAuts
  Temple: 1 daAuts
